 Dungeon Crawl Stone Soup version 0.31-a0-441-g867994ef1c (webtiles) character file.

Game seed: 2049371405453887607

341 holysushi the Cutter (level 6, -5/51 HPs)
             Began as a Minotaur Monk on Aug 2, 2023.
             Slain by an orc
             ... wielding a +4 flail
              (12 damage)
             ... on level 3 of the Dungeon.
             The game lasted 00:08:18 (2438 turns).

holysushi the Cutter (Minotaur Monk)                Turns: 2438, Time: 00:08:19

Health: -5/51      AC:  4    Str: 22    XL:     6   Next: 30%
Magic:  0/5        EV: 13    Int:  7    God:
Gold:   169        SH:  0    Dex: 14    Spells: 5/5 levels left

rFire   + . .        a - +1 dagger (drain)
rCold   x . .        (no shield)
rNeg    . . .        b - +1 robe
rPois   .            (helmet restricted)
rElec   .            (no cloak)
rCorr   .            (no gloves)
SInv    .            u - +0 pair of boots
Will    .....        g - amulet of guardian spirit
Stlth   +            t - +6 ring of strength
HPRegen 0.28/turn    m - ring of fire
MPRegen 0.09/turn

%: guardian spirit
@: confused
A: horns 2, retaliatory headbutt
a: no special abilities


You were on level 3 of the Dungeon.
You visited 1 branch of the dungeon, and saw 4 of its levels.

You collected 169 gold pieces.

Inventory:

Hand Weapons
 a - a +1 dagger of draining (weapon)
 o - a +1 short sword
Armour
 b - a +1 robe (worn)
 u - a +0 pair of boots (worn)
Jewellery
 g - an amulet of guardian spirit (around neck)
 k - a ring of flight
 m - a ring of fire (right hand)
 t - a +6 ring of strength (left hand)
Scrolls
 d - a scroll of teleportation


   Skills:
 - Level 3.6 Fighting
 + Level 7.9 Short Blades
 - Level 3.2 Dodging


You had 5 spell levels left.
You didn't know any spells.
Your spell library contained the following spells:

 Spells                   Type           Power      Damage    Failure   Level
 Gell's Gravitas          Tloc           0%         N/A       80%         3
 Inner Flame              Hex/Fire       0%         N/A       80%         3
 Teleport Other           Tloc           0%         N/A       80%         3
 Yara's Violent Unravell  Hex/Tmut       0%         3d3       100%        5
 Dispersal                Tloc           0%         N/A       100%        6
 Enfeeble                 Hex            0%         N/A       100%        7


Dungeon Overview and Level Annotations

Branches:
Dungeon (4/15) Zot: 21611
 Temple: D:4-7

Altars:

Shops:
D:3 (

Annotations:
D:2 Jessica, Sigmund


Innate Abilities, Weirdness & Mutations

You have a pair of horns on your head.
You reflexively headbutt those who attack you in melee.


Message History

The orc hits you with a +4 flail!
In your confused state, you trip and fall back down the stairs.
The orc wizard hits you with a +0 dagger.
The orc hits you with a +4 flail.
The orc wizard points at you and mumbles some strange words.
You are more confused.
Unknown command.
The orc misses you.
The orc wizard points at you and mumbles some strange words.
You resist with some effort. The orc wizard barely misses you.
You climb upwards.
Reactivating autopickup.
There is a stone staircase leading down here.
Unknown command.
You completely miss the orc wizard.
The orc wizard points at you and mumbles some strange words.
You are more confused.
The orc hits you but does no damage. The orc wizard closely misses you.
The orc misses you.
The orc wizard attacks as you move away!
The orc wizard barely misses you.
You're too confused to move!
The orc wizard attacks as you move away!
The orc wizard misses you. The orc misses you.
The orc wizard closely misses you.
You hit the orc wizard.
The orc wizard is lightly wounded.
The orc wizard closely misses you.
You bump into the rock wall.
The orc misses you.
The orc wizard hits you with a +0 dagger. x2
You bump into the rock wall.
The orc wizard hits you with a +0 dagger.
The orc hits you with a +4 flail!
* * * LOW HITPOINT WARNING * * *
The orc wizard casts a spell at you. The magic dart hits you.
* * * LOW HITPOINT WARNING * * *
You hit the orc but do no damage. The orc wizard barely misses you.
The orc hits you with a +4 flail!
You die...

##..†.............
#....##.######....
########....##.# ####.
#......#....##.# #.[.
#...........##.#####
#.##
#...........##.....#
#.##
#...........##..#..#
#..)
#......#....##..#.##
###.
######.#@o..##.....#
#.
#..#oo..##.....#####.
#>...............†...
#.######.......#####.
#.### #.#######.....
#...# ##.#....##.....
###.# #..#.##.#......
####.###.##.##.#.###.#
#......#.......#.#.#.#


You could see 2 orc wizards and an orc.

Vanquished Creatures
  Grinder (D:3)
  Natasha (twice) (D:3)
  3 adders
  2 worms
  2 dart slugs (D:1)
  6 endoplasms
  2 giant cockroaches (D:1)
  3 goblins
  5 hobgoblins
  7 kobolds
  6 quokkas
  4 ball pythons
  5 bats
  2 frilled lizards
  11 rats
61 creatures vanquished.

Notes
Turn   | Place    | Note
-------+----------+-------------------------------------------
     0 | D:1      | holysushi the Minotaur Monk began the quest for the Orb.
     0 | D:1      | Reached XP level 1. HP: 19/19 MP: 0/0
    65 | D:1      | Reached skill level 4 in Short Blades
    65 | D:1      | Reached XP level 2. HP: 18/26 MP: 1/1
   551 | D:1      | Reached XP level 3. HP: 27/31 MP: 2/2
   835 | D:2      | Noticed Sigmund
   934 | D:2      | Reached skill level 5 in Short Blades
  1156 | D:3      | Noticed Grinder
  1378 | D:3      | Noticed a +0 bardiche
  1381 | D:3      | Found Peniggu's Weapon Shop.
  1383 | D:3      | Noticed a +0 executioner's axe
  1401 | D:3      | Reached XP level 4. HP: 29/39 MP: 3/3
  1459 | D:3      | You are sucked into a shaft and drop 1 floor!
  1740 | D:3      | Killed Grinder
  1741 | D:3      | Reached skill level 7 in Short Blades
  1741 | D:3      | Reached XP level 5. HP: 27/45 MP: 4/4
  1741 | D:3      | Reached XP level 6. HP: 31/51 MP: 5/5
  1882 | D:3      | Noticed Natasha
  1889 | D:3      | Killed Natasha
  1907 | D:3      | Noticed Natasha
  1912 | D:3      | Killed Natasha
  2269 | D:2      | Noticed Jessica
  2438 | D:3      | Slain by an orc

Illustrated notes

Levels and vault maps discovered:
D:1:      psy_arrival_statuary, layout_basic, minmay_indecisive_spiral
D:2:      layout_basic, uniq_sigmund, uniq_jessica
D:3:      layout_basic, serial_shops, nicolae_shop_mannequins, uniq_grinder,
          uniq_natasha
D:4:      layout_basic, uniq_menkaure

Skill      XL: |  1  2  3  4 |
---------------+-------------+-----
Short Blades   | 4 5 7 |  7.9
Fighting       | |  3.6
Dodging        | |  3.2

Action                     |  1- 3 |  4- 6 || total
---------------------------+-------+-------++-------
  Melee: Short sword       |    96 |       ||    96
         Headbutt          |    21 |     6 ||    27
         Dagger            |    17 |    35 ||    52
         Punch             |       |     1 ||     1
    Use: Potion            |       |     7 ||     7
         Scroll            |       |    10 ||    10
   Stab: Sleeping          |     1 |       ||     1
 Armour: Robe              |    14 |     3 ||    17
         Skin              |       |     5 ||     5
  Dodge: Dodged            |    50 |    37 ||    87

Table legend: (Time is in decaauts)
 A = Elapsed time spent in this place.
 B = Non-inter-level travel time spent in this place.
 C = Inter-level travel time spent in this place.
 D = Time resting spent in this place.
 E = Time spent auto-exploring this place.
 F = Levels seen in this place.
 G = Mean time per level.
                   A        B        C        D        E       F      G
               +--------+--------+--------+--------+--------+-----+--------+
         Total |   2387 |   2239 |    148 |    342 |    982 |   4 |  596.8 |
       Dungeon |   2387 |   2239 |    148 |    342 |    982 |   4 |  596.8 |
               +--------+--------+--------+--------+--------+-----+--------+

Top non-repeatable levels by time:
     D:3: 879 daAuts
     D:1: 865 daAuts
     D:2: 594 daAuts
     D:4: 49 daAuts
